[Event "Belgrade Spring Open 2021"]
[Site "Belgrade"]
[Date "2021.04.09"]
[Round "9.5"]
[White "Kaasen, Tor Fredrik"]
[Black "Milanovic, Slavisa"]
[Result "1/2-1/2"]
[ECO "C18"]
[WhiteElo "2397"]
[BlackElo "2301"]
[Annotator "NA"]
[PlyCount "74"]
[EventDate "2021.04.02"]
[EventType "swiss"]
[EventCountry "SRB"]
[SourceTitle "playchess.com"]
[Source "ChessBase"]
[SourceQuality "1"]
[TimeControl "5400+30"]

1. e4 e6 2. d4 d5 3. Nc3 Bb4 4. e5 c5 5. a3 Bxc3+ 6. bxc3 Ne7 7. h4 Qc7 8. h5 h6 9. Rb1 b6 10. Qg4 Nf5 11. Bd3 cxd4 12. Nf3 Rg8 13. cxd4 Ba6 14. Bd2 Bxd3 15. cxd3 Qc2 16. O-O Qxd3 17. Rbc1 Kd7 18. Rc3 Qe4 19. Qh3 Ne7 20. Re1 Qh7 21. Rec1 Nbc6 22. g3 Rac8 23. Qf1 Qf5 24. Qb5 Rc7 25. Ne1 Rgc8 26. Nd3 Kd8 27. Qa4 Qxh5 28. Nb4 Qe2 29. Nxc6+ Rxc6 30. Rxc6 Nxc6 31. Rxc6 Rxc6 32. Qxc6 Qxd2 33. Qa8+ Ke7 34. Qxa7+ Ke8 35. Qb8+ Ke7 36. Qc7+ Ke8 37. Qc8+ Ke7 1/2-1/2

[Event "Belgrade Spring Open 2021"]
[Site "Belgrade"]
[Date "2021.04.09"]
[Round "9.6"]
[White "Masic, Predrag"]
[Black "Pastar, Slaven"]
[Result "1-0"]
[ECO "C01"]
[WhiteElo "2263"]
[BlackElo "2374"]
[Annotator "NA"]
[PlyCount "93"]
[EventDate "2021.04.02"]
[EventType "swiss"]
[EventCountry "SRB"]
[SourceTitle "playchess.com"]
[Source "ChessBase"]
[SourceQuality "1"]
[TimeControl "5400+30"]

1. e4 e6 2. d4 d5 3. exd5 exd5 4. Bd3 Bd6 5. Nf3 Nc6 6. c3 Nge7 7. Nbd2 Bg4 8. h3 Bh5 9. Nf1 Qd7 10. Ng3 Qe6+ 11. Kd2 Bg6 12. Re1 Qd7 13. Bxg6 hxg6 14. Kc2 b5 15. a3 a5 16. Ne5 Bxe5 17. dxe5 O-O 18. Qg4 Nf5 19. Nxf5 gxf5 20. Qg3 Ra6 21. Bg5 Ne7 22. h4 Kh7 23. Qd3 Rg6 24. f4 Rc6 25. Bxe7 Qxe7 26. Qxd5 Rc5 27. Qd3 b4 28. axb4 axb4 29. c4 Rd8 30. Qxf5+ Kg8 31. Qe4 Qxh4 32. Kb3 g6 33. Ra8 Kg7 34. Rxd8 Qxd8 35. Ra1 f5 36. exf6+ Qxf6 37. Rd1 Rf5 38. g3 Qf7 39. Qd4+ Qf6 40. Qxf6+ Kxf6 41. Kxb4 Rh5 42. Rd5 Rh3 43. Rg5 Rh2 44. b3 Rb2 45. Kc5 Rxb3 46. Kc6 Ke7 47. Kxc7 1-0

[Event "Belgrade Spring Open 2021"]
[Site "Belgrade"]
[Date "2021.04.09"]
[Round "9.9"]
[White "Skare, Goran"]
[Black "Milosevic, Milos"]
[Result "0-1"]
[ECO "D78"]
[WhiteElo "2233"]
[BlackElo "2334"]
[Annotator "NA"]
[PlyCount "108"]
[EventDate "2021.04.02"]
[EventType "swiss"]
[EventCountry "SRB"]
[SourceTitle "playchess.com"]
[Source "ChessBase"]
[SourceQuality "1"]
[TimeControl "5400+30"]

1. d4 Nf6 2. c4 g6 3. Nc3 d5 4. Nf3 Bg7 5. g3 O-O 6. Bg2 dxc4 7. O-O c6 8. a4 Na6 9. Ne5 Ng4 10. f4 c5 11. e3 cxd4 12. exd4 Nf6 13. Kh1 Nb4 14. Nxc4 Bg4 15. Qd2 Qc8 16. Ne5 Bh3 17. Qe2 Bxg2+ 18. Kxg2 Qe6 19. Rd1 Rac8 20. Be3 Nfd5 21. Nxd5 Nxd5 22. Re1 Nxe3+ 23. Qxe3 Rc2+ 24. Re2 Rfc8 25. Kf2 Rxe2+ 26. Qxe2 Qb3 27. Ra3 Qb4 28. Ke3 Rd8 29. Rd3 Qxa4 30. Nf3 e6 31. Qd2 Qb5 32. Rc3 Qb6 33. Rc4 Bf8 34. Qc3 a5 35. b3 h6 36. Rc7 Bd6 37. Rc4 Bb4 38. Qc2 Kg7 39. Rc7 Bd6 40. Rc4 Qb5 41. Qc3 Qd5 42. Qc2 b5 43. Rc6 Ra8 44. Rb6 a4 45. Qc6 Qxc6 46. Rxc6 a3 47. Rc1 a2 48. Ra1 Ba3 49. Rxa2 Bc1+ 50. Rd2 Kf6 51. Kd3 Bxd2 52. Nxd2 Ra2 53. Ne4+ Ke7 54. h4 Rg2 0-1

[Event "Belgrade Spring Open 2021"]
[Site "Belgrade"]
[Date "2021.04.09"]
[Round "9.10"]
[White "Draskovic, Luka"]
[Black "Kocyigit, Buse Naz"]
[Result "1-0"]
[ECO "E69"]
[WhiteElo "2472"]
[BlackElo "2103"]
[Annotator "RC"]
[PlyCount "87"]
[EventDate "2021.04.02"]
[EventType "swiss"]
[EventCountry "SRB"]
[SourceTitle "playchess.com"]
[Source "ChessBase"]
[SourceQuality "1"]
[TimeControl "5400+30"]

1. c4 Nf6 2. Nc3 g6 3. g3 Bg7 4. Bg2 O-O 5. d4 d6 6. Nf3 c6 7. e4 Qa5 8. O-O e5 9. h3 Nbd7 10. Qc2 exd4 11. Nxd4 Ne5 12. b3 Qb6 13. Be3 c5 14. Nde2 Re8 15. Rad1 Be6 16. f4 Nc6 17. Rxd6 Nd4 18. Nxd4 Qxd6 19. e5 Qd7 20. Nxe6 Qxe6 21. Bxc5 Nd7 22. Bf2 Qa6 23. Nb5 Rec8 24. Qd2 Nf8 25. a4 Rd8 26. Nd6 Rd7 27. c5 Rad8 28. Rc1 Rc7 29. Bf1 Qc6 30. Qe3 Re7 31. Bg2 Qa6 32. Qf3 Rdd7 33. Qc3 b6 34. Bf1 Qa5 35. Qxa5 bxa5 36. c6 Rc7 37. Nb5 Ne6 38. Nxc7 Rxc7 39. Bg2 Bf8 40. Bd5 Ba3 41. Rc2 Ng7 42. Bxa7 Nf5 43. Bb6 Rc8 44. c7 1-0